 Dungeon Sprint DCSS version 0.18-a0-1171-ga8e22e7 (webtiles) character file.

1100000 namelastname112 the Sensei (level 12, -10/111 HPs)
             Began as a Demonspawn Monk on Jan 26, 2016.
             Was a Believer of Makhleb.
             Mangled by a meat berserker
             ... wielding a +9 battleaxe
              (29 damage)
             ... in the Dungeon (Sprint VIII: "Arena of Blood").
             The game lasted 00:00:25 (11 turns).

namelastname112 the Sensei (Demonspawn Monk)          Turns: 11, Time: 00:00:26

Health: -10/111    AC:  6    Str: 12    XL:     12   Next: 96%
Magic:  12/12      EV: 24    Int: 13    God:    Makhleb [**....]
Gold:   0          SH:  0    Dex: 19    Spells: 0 memorised, 11 levels left

rFire  + . .     SeeInvis .     i - +∞ Axe of Woe
rCold  . . .     Gourm    .     a - +0 robe
rNeg   . . .     Faith    .     (shield currently unavailable)
rPois  .         Spirit   .     (no helmet)
rElec  .         Dismiss  .     (no cloak)
rCorr  .         Reflect  .     (no gloves)
SustAt .         Harm     .     (no boots)
MR     .....     NoTele   +     (no amulet)
Stlth  ++++++....               (no ring)
                                (no ring)

@: not resistant to hostile enchantments, very stealthy
A: molten scales 3, nightstalker 2, spiny 1
a: Minor Destruction, Renounce Religion


You were in the Dungeon.
You worshipped Makhleb.
Makhleb was pleased with you.
You were not hungry.

You visited 1 branch

Inventory:

Hand Weapons
 i - the +∞ Axe of Woe (weapon)
   (You found it in the Dungeon)
Armour
 a - a +0 robe (worn)
Scrolls
 h - a scroll of blinking
Potions
 c - a potion of curing
 d - a potion of heal wounds
 e - a potion of haste
 f - 2 potions of magic
 g - a potion of berserk rage
Comestibles
 b - a bread ration


   Skills:
 + Level 15.7 Fighting
 + Level 1.3 Axes
 + Level 14.5 Dodging
 + Level 6.4 Stealth
 + Level 21.5 Unarmed Combat


You had 11 spell levels left.
You didn't know any spells.

Dungeon Overview and Level Annotations

Branches:
Dungeon (1/1)

Altars:
Makhleb


Innate Abilities, Weirdness & Mutations

You are completely covered in molten scales (AC +4, EV -1, rF+).
You are significantly more attuned to the shadows.
You are partially covered in sharp spines.


Message History

Your Fighting skill gained 2 levels and is now at level 15!
Your Axes skill increases to level 1!
Your Dodging skill gained 2 levels and is now at level 14!
Your Stealth skill increases to level 6!
Your Unarmed Combat skill gained 2 levels and is now at level 21!
You have reached level 12!
Your experience leads to an increase in your attributes!
Increase (S)trength, (I)ntelligence, or (D)exterity?
You feel agile.
You feel clever.
The meat berserker rages.
You hear a shout! x7
The meat berserker is struck by your spines.
The meat berserker hits you with a +9 battleaxe!!!
You hear a shout! x6
The meat berserker is struck by your spines.
The meat berserker hits you with a +9 battleaxe!!!
* * * LOW HITPOINT WARNING * * *
You hear a shout! x2
The meat berserker hits you with a +9 battleaxe!!
You die...

.....o....
...........
.........
#.......# .
#.......# .
..###.....oO###...
.......###.@......
........_..O......
...#....)#......
#_.<.o#......
#.....#......
....._.o.......
......###...o....
.o###... ...###. .
. #... o..#


You could see 2 meat berserkers and 3 bags of meat.

Vanquished Creatures
  2 orcs (D)
2 creatures vanquished.

Notes
Turn   | Place    | Note
--------------------------------------------------------------
     0 | D        | namelastname112 the Demonspawn Monk began the quest for the Orb.
     0 | D        | Reached XP level 1. HP: 18/18 MP: 1/1
     3 | D        | Noticed a bag of meat
     3 | D        | Noticed a bag of meat
     4 | D        | Became a worshipper of Makhleb the Destroyer
     4 | D        | Reached * piety under Makhleb
     4 | D        | Reached ** piety under Makhleb
     6 | D        | Noticed a bag of meat
     6 | D        | Noticed a bag of meat
     7 | D        | Noticed a bag of meat
     8 | D        | Noticed a meat berserker
     9 | D        | Noticed a bag of meat
     9 | D        | Killed a bag of meat
     9 | D        | Reached skill level 13 in Fighting
     9 | D        | Reached skill level 5 in Stealth
     9 | D        | Reached skill level 19 in Unarmed Combat
     9 | D        | Gained mutation: You are partially covered in molten scales (AC +1). [demonic ancestry]
     9 | D        | Reached XP level 2. HP: 21/41 MP: 2/2
     9 | D        | Gained mutation: You are partially covered in sharp spines. [demonic ancestry]
     9 | D        | Reached XP level 3. HP: 24/47 MP: 3/3
     9 | D        | Reached XP level 4. HP: 27/54 MP: 4/4
     9 | D        | Gained mutation: You are mostly covered in molten scales (AC +3, EV -1). [demonic ancestry]
     9 | D        | Reached XP level 5. HP: 30/60 MP: 5/5
     9 | D        | Gained mutation: You are slightly more attuned to the shadows. [demonic ancestry]
     9 | D        | Reached XP level 6. HP: 33/67 MP: 6/6
     9 | D        | Gained mutation: You are completely covered in molten scales (AC +4, EV -1, rF+). [demonic ancestry]
     9 | D        | Reached XP level 7. HP: 35/73 MP: 7/7
     9 | D        | Reached XP level 8. HP: 38/80 MP: 8/8
     9 | D        | Gained mutation: You are significantly more attuned to the shadows. [demonic ancestry]
     9 | D        | Reached XP level 9. HP: 40/86 MP: 9/9
     9 | D        | Reached XP level 10. HP: 43/93 MP: 10/10
     9 | D        | Reached XP level 11. HP: 45/99 MP: 11/11
    10 | D        | Noticed a meat berserker
    11 | D        | Killed a bag of meat
    11 | D        | Reached skill level 15 in Fighting
    11 | D        | Reached skill level 1 in Axes
    11 | D        | Reached skill level 21 in Unarmed Combat
    11 | D        | Reached XP level 12. HP: 96/111 MP: 12/12
    11 | D        | Mangled by a meat berserker

Vault maps used:
D:        meatsprint

Action                   |  1- 3 |  4- 6 |  7- 9 | 10-12 || total
-------------------------+-------+-------+-------+-------++-------
Melee: Executioner's axe |     1 |       |       |     1 ||     2
